 Dungeon Crawl Stone Soup version 0.20-b1 (webtiles) character file.

1468 Ijustatesigmund the Combatant (level 8, -1/71 HPs)
             Began as a Yellow Draconian Conjurer on May 19, 2017.
             Was a Follower of Okawaru.
             Slain by an orc warrior
             ... wielding a +0 hand axe
              (4 damage)
             ... on level 6 of the Dungeon.
             The game lasted 00:20:55 (7508 turns).

Ijustatesigmund the Combatant (DrCj)                Turns: 7508, Time: 00:20:56

Health: -1/71      AC:  6    Str: 10    XL:     8   Next: 48%
Magic:  6/14       EV: 12    Int: 17    God:    Okawaru [*.....]
Gold:   164        SH:  0    Dex: 13    Spells: 5/15 levels left

rFire    . . .     SeeInvis .   c - +0 morningstar
rCold    . . .     Gourm    .   (no shield)
rNeg     . . .     Faith    .   (armour unavailable)
rPois    .         Spirit   .   (helmet restricted)
rElec    .         Reflect  .   (no cloak)
rCorr    +         Harm     .   (no gloves)
MR       .....                  (no boots)
Stlth    ++........             (no amulet)
Regen    0.3/turn               (no ring)
MPRegen  0.2/turn               (no ring)

@: about to teleport, very slightly contaminated
A: spit acid, acid resistance, unfitting armour, cold-blooded, AC +6
a: Breathe Acid, Heroism, Renounce Religion


You were on level 6 of the Dungeon.
You worshipped Okawaru.
Okawaru was aware of your devotion.
You were not hungry.

You visited 2 branches of the dungeon, and saw 7 of its levels.
You also visited: Sewer and Ossuary.

You collected 164 gold pieces.

Inventory:

Hand Weapons
 c - a +0 morningstar (weapon)
Missiles
 l - 5 javelins (quivered)
Wands
 n - a wand of disintegration (0/24)
 o - a wand of disintegration (11/24)
 s - a wand of digging (17/24)
Scrolls
 h - a scroll of holy word
 r - a scroll of enchant armour
Potions
 d - 3 potions of flight
 e - 3 potions of brilliance
 f - a potion of cancellation
 g - a potion of berserk rage {unknown}
 m - 2 potions of haste {unknown}
 p - a potion of mutation {unknown}
 q - 3 potions of curing
Books
 a - a book of Conjurations

   Spells                             Type                      Level
   a - Magic Dart                     Conjuration                  1
   b - Searing Ray                    Conjuration                  2
   c - Dazzling Spray                 Conjuration/Hexes            3
   d - Fulminant Prism                Conjuration/Hexes            4
   e - Force Lance                    Conjuration/Translocation    4
   f - Iskenderun's Mystic Blast      Conjuration                  4
Comestibles
 b - 5 bread rations
 j - 3 meat rations


   Skills:
 - Level 6.5 Fighting
 - Level 3.2 Maces & Flails
 - Level 1.7 Dodging
 - Level 1.7 Stealth
 - Level 4.1 Spellcasting
 - Level 4.0 Conjurations
 + Level 7.2 Invocations


You had 5 spell levels left.
You knew the following spells:

 Your Spells              Type           Power        Failure   Level  Hunger
a - Magic Dart            Conj           ###.         3%          1    None
b - Searing Ray           Conj           ###...       4%          2    ##.....
c - Dazzling Spray        Conj/Hex       ##....       21%         3    ###....
d - Iskenderun's Mystic   Conj           ###.....     30%         4    ####...


Dungeon Overview and Level Annotations

Branches:
Dungeon (6/15)             Temple (1/1) D:5

Altars:
Cheibriados
Dithmenos
Elyvilon
Fedhas
Gozag
Hepliaklqana
Kikubaaqudgha
Makhleb
Nemelex Xobeh
Okawaru
Qazlal
Ru
Sif Muna
Trog
Uskayaw
Vehumet
Xom
Zin
The Shining One


Innate Abilities, Weirdness & Mutations

You can spit globs of acid.
You are resistant to acid.
Your golden yellow scales are hard. (AC +6)
You cannot fit into any form of body armour.
You are cold-blooded and may be slowed by cold attacks.


Message History

The orc warrior hits you with a hand axe!
* * * LOW HITPOINT WARNING * * *
You feel much better.
The orc warrior hits you with a hand axe!
You barely miss the orc warrior.
You tail-slap the orc warrior, but do no damage.
The orc warrior is almost dead.
The orc warrior completely misses you.
You hit the orc warrior but do no damage.
Your tail-slap misses the orc warrior.
The orc warrior is almost dead.
The orc warrior hits you with a hand axe!
* * * LOW HITPOINT WARNING * * *
The orc warrior hits you with a hand axe!
* * * LOW HITPOINT WARNING * * *
Okay, then.
As you read the scroll of teleportation, it crumbles to dust.
You feel strangely unstable.
The orc warrior hits you with a hand axe.
You die...

... ... .... .....
.. ####..... ..
#####........ #
#.............. #
########.)#.......
##
#.≈≈≈≈@oZ.........
..
#≈≈≈≈.###.#.....%.
# #≈≈≈≈.#
....###.. #≈≈≈..#
###...#..###
#≈....# #......###
#.#.### ##oo.o..
#...# ##o###%
#÷### #.##.. #.###
#.....


You could see an orc warrior and an adder zombie.

Vanquished Creatures
  A sky beast (D:5)
  A phantom (D:5)
  An ogre (D:5)
  A black bear (D:6)
  A centaur (D:5)
  2 big kobolds (Sewer)
  A centaur zombie (Ossuary)
  A crimson imp (D:5)
  A human zombie (Ossuary)
  A quasit (D:5)
  An orc priest (D:5)
  2 hounds
  6 orc wizards
  2 iguanas
  3 worker ants
  2 big kobold zombies (Ossuary)
  A hound skeleton (D:4)
  2 mummies (Ossuary)
  A howler monkey zombie (D:5)
  10 adders
  2 gnolls (D:3)
  4 river rats
  A shadow imp (D:5)
  4 oozes (Sewer)
  An adder zombie (Ossuary)
  5 worms
  A dart slug (D:4)
  2 leopard geckos (D:5)
  8 orcs
  5 ball pythons
  5 bats
  7 giant cockroaches
  10 goblins
  11 hobgoblins
  11 jackals
  11 kobolds
  2 frilled lizards (D:1)
  3 goblin zombies (Ossuary)
  13 hobgoblin zombies (Ossuary)
  A jackal zombie (Ossuary)
  7 kobold zombies (Ossuary)
  7 orc zombies (Ossuary)
  9 rats
171 creatures vanquished.

Vanquished Creatures (others)
  A worker ant (D:4)
  An orc (D:4)
  3 withered plants (D:5)
5 creatures vanquished.

Grand Total: 176 creatures vanquished

Notes
Turn   | Place    | Note
-------+----------+-------------------------------------------
     0 | D:1      | Ijustatesigmund the Draconian Conjurer began the quest for the Orb.
     0 | D:1      | Reached XP level 1. HP: 14/14 MP: 3/3
   160 | D:1      | Reached skill level 1 in Fighting
   176 | D:1      | Reached XP level 2. HP: 15/23 MP: 1/5
   180 | D:1      | Learned a level 2 spell: Searing Ray
  1097 | D:1      | Reached XP level 3. HP: 29/29 MP: 4/6
  1109 | D:1      | Learned a level 3 spell: Dazzling Spray
  1716 | D:2      | Found a hide-covered altar of Uskayaw.
  1717 | D:2      | Noticed a hand axe
  1718 | D:2      | Noticed a dagger
  1729 | D:2      | Found a shimmering altar of Xom.
  2160 | D:3      | Reached XP level 4. HP: 11/36 MP: 1/9
  2678 | D:4      | Found a stormy altar of Qazlal.
  2932 | D:4      | Found a sand-covered staircase.
  2939 | Ossuary  | Entered an ossuary
  3249 | Ossuary  | Reached skill level 1 in Maces & Flails
  3249 | Ossuary  | Reached XP level 5. HP: 38/44 MP: 11/11
  3557 | D:4      | Reached XP level 6. HP: 38/52 MP: 12/12
  3901 | D:4      | Found a glowing golden altar of the Shining One.
  4079 | D:4      | Found a white marble altar of Elyvilon.
  4080 | D:4      | Found a hazy altar of Hepliaklqana.
  4408 | D:4      | Found a glowing silver altar of Zin.
  4503 | D:5      | Entered Level 5 of the Dungeon
  4550 | D:4      | Reached skill level 5 in Fighting
  5112 | D:5      | Noticed a sky beast
  5119 | D:5      | Your scales start taking on a golden yellow colour.
  5119 | D:5      | Reached XP level 7. HP: 62/62 MP: 9/13
  5425 | D:5      | Found a staircase to the Ecumenical Temple.
  5453 | Temple   | Entered the Ecumenical Temple
  5460 | Temple   | Became a worshipper of Warmaster Okawaru
  5683 | D:5      | Reached skill level 1 in Invocations
  5948 | D:5      | Reached skill level 2 in Invocations
  6232 | D:5      | Reached skill level 3 in Invocations
  6250 | D:5      | Reached skill level 4 in Invocations
  6316 | D:5      | Found a blossoming altar of Fedhas.
  6316 | D:5      | Found an ancient bone altar of Kikubaaqudgha.
  6346 | D:5      | Learned a level 4 spell: Iskenderun's Mystic Blast
  6398 | D:5      | Reached XP level 8. HP: 34/71 MP: 10/14
  6472 | D:5      | Reached skill level 5 in Invocations
  6563 | D:5      | Reached * piety under Okawaru
  6677 | D:6      | Found a glowing drain.
  6703 | Sewer    | Entered a sewer
  6898 | Sewer    | Reached skill level 6 in Invocations
  7401 | Sewer    | Reached skill level 7 in Invocations
  7507 | D:6      | HP: 3/71 [orc warrior/hand axe (15)]
  7508 | D:6      | Slain by an orc warrior

Skill      XL: |  1  2  3  4  5  6  7  8 |
---------------+-------------------------+-----
Fighting       | 1 2 4 5 6 |  6.5
Spellcasting   | 3 4 |  4.1
Maces & Flails | 1 2 3 |  3.2
Invocations    | 4 7 |  7.2
Dodging        | |  1.7
Stealth        | |  1.7
Conjurations   | |  4.0

Action                   |  1- 3 |  4- 6 |  7- 9 || total
-------------------------+-------+-------+-------++-------
Melee: Mace              |    53 |    35 |       ||    88
       Unarmed           |     7 |       |       ||     7
       Tailslap          |     2 |    14 |    25 ||    41
       Morningstar       |       |   157 |   235 ||   392
Throw: Javelin           |       |       |     6 ||     6
 Cast: Magic Dart        |    94 |    46 |    13 ||   153
       Searing Ray       |       |     6 |     8 ||    14
       Dazzling Spray    |       |     1 |     2 ||     3
 Abil: Breathe Acid      |       |       |     3 ||     3
Evoke: Wand              |       |       |     3 ||     3
  Use: Scroll            |     7 |     8 |     3 ||    18
       Potion            |     1 |     3 |     4 ||     8
 Stab: Sleeping          |       |     1 |       ||     1
  Eat: Chunk             |     5 |     6 |     5 ||    16
       Bread ration      |       |     1 |     1 ||     2
Armor: Skin              |    29 |    78 |   133 ||   240
Dodge: Dodged            |    55 |   133 |   267 ||   455
